 Dungeon Crawl Stone Soup version 0.32-a0-361-g289a535e89 (webtiles) character file.

Game seed: 17664606999527278673

19180 octoduck the Severer (level 12, -9/106 HPs)
             Began as a Mountain Dwarf Fighter on Feb 18, 2024.
             Was an Elder of Yredelemnul.
             Killed by divine providence
             ... invoked by an orc priest
             ... led by an orc warlord
              (16 damage)
             ... on level 2 of the Orcish Mines.
             The game lasted 01:09:25 (14411 turns).

octoduck the Severer (Mountain Dwarf Fighter)      Turns: 14411, Time: 01:09:26

Health: -9/106     AC: 14    Str: 23    XL:     12   Next: 34%
Magic:  4/17       EV:  5    Int: 10    God:    Yredelemnul [****..]
Gold:   869        SH: 10    Dex:  9    Spells: 8/11 levels left

rFire   + . .        R - +5 war axe (elec)
rCold   . . .        y - +0 kite shield
rNeg    . . .        u - +2 plate armour {rF+}
rPois   .            m - +0 hat
rElec   .            k - +0 cloak
rCorr   +            (no gloves)
SInv    +            (no boots)
Will    +....        K - amulet of regeneration Stlth
                     j - ring of resist corrosion
HPRegen 1.17/turn    J - ring of see invisible
MPRegen 0.15/turn

%: no passive effects
@: mighty, lethally poisoned (-9 -> -10), fugue, wreathed by umbra
A: runic magic, artefact enchanting
a: Renounce Religion, Light the Black Torch, Recall Undead Harvest, Hurl
Torchlight, Bind Soul


You were on level 2 of the Orcish Mines.
You worshipped Yredelemnul.
Yredelemnul was noncommittal.
You visited 3 branches of the dungeon, and saw 14 of its levels.
You also visited: Ossuary and Bailey.

You collected 1121 gold pieces.
You spent 252 gold pieces at shops.

Inventory:

Hand Weapons
 x - the +6 sling of Agony {drain, Str+4 Dex+2}
   (You found it on level 5 of the Dungeon)

   Str+4:     It affects your strength (+4).
   Dex+2:     It affects your dexterity (+2).
 R - a +5 war axe of electrocution (weapon)
Missiles
 E - a throwing net (quivered)
Armour
 k - a +0 cloak (worn)
 m - a +0 hat (worn)
 u - a +2 plate armour of fire resistance (worn)
 y - a +0 kite shield (worn)
 C - a +3 chain mail of willpower
Jewellery
 j - a ring of resist corrosion (left hand)
 H - an amulet of the acrobat
 J - a ring of see invisible (right hand)
 K - an amulet of regeneration (around neck)
Wands
 F - a wand of flame (22)
 I - a wand of iceblast (1)
 M - a wand of polymorph (12)
 Q - a wand of digging (3)
Scrolls
 b - a scroll of vulnerability {unknown}
 d - a scroll of enchant armour {unknown}
 h - a scroll of amnesia
 n - 3 scrolls of teleportation
 o - 2 scrolls of noise
 r - 3 scrolls of blinking
 v - 2 scrolls of fog
 w - 5 scrolls of fear
 z - a scroll of poison
 B - a scroll of brand weapon {unknown}
 D - 2 scrolls of immolation
 L - a scroll of enchant weapon {unknown}
 N - 2 scrolls of revelation {unknown}
 O - a scroll of silence {unknown}
Potions
 e - a potion of enlightenment {unknown}
 f - 10 potions of curing
 g - 3 potions of attraction
 i - a potion of ambrosia {unknown}
 l - 3 potions of invisibility {unknown}
 p - 2 potions of mutation {unknown}
 q - 2 potions of brilliance {unknown}
 s - 2 potions of lignification {unknown}
 t - 2 potions of magic {unknown}
 A - 2 potions of haste {unknown}
 G - 2 potions of berserk rage {unknown}
 P - a potion of might
Miscellaneous
 c - a lightning rod (3/4)


   Skills:
 + Level 10.2 Fighting
 - Level 16.2 Axes
 - Level 3.2 Armour
 - Level 10.0 Shields
 - Level 6.5 Necromancy
 * Level 7.2 Invocations
 - Level 5.0 Evocations


You had 8 spell levels left.
You knew the following spells:

 Your Spells              Type           Power      Damage    Failure   Level
a - Fugue of the Fallen   Necr           13%        N/A       28%         3

Your spell library contained the following spells:

 Spells                   Type           Power      Damage    Failure   Level
 Kiss of Death            Conj/Necr      24%        2d7       36%         1
 Dispel Undead            Necr           13%        3d9       67%         4
 Foxfire                  Conj/Fire      0%         2x1d4     80%         1
 Static Discharge         Conj/Air       0%         3-3/arc   91%         2
 Confusing Touch          Hex            0%         N/A       99%         3
 Dazzling Flash           Conj/Hex       0%         N/A       99%         3
 Inner Flame              Hex/Fire       0%         N/A       99%         3
 Ozocubu's Armour         Ice            0%         N/A       99%         3
 Volatile Blastmotes      Fire/Tloc      0%         2d10      99%         3
 Airstrike                Air            0%         2d(0-16)  100%        4
 Flame Wave               Conj/Fire      0%         2d4       100%        4
 Manifold Assault         Tloc           0%         N/A       100%        4
 Sticky Flame             Fire/Alch      0%         2d4       100%        4
 Summon Lightning Spire   Summ/Air       0%         N/A       100%        4
 Vhi's Electric Charge    Tloc/Air       0%         N/A       100%        4
 Arcjolt                  Conj/Air       0%         1d10      100%        5
 Plasma Beam              Fire/Air       0%         2x1d10    100%        6
 Starburst                Conj/Fire      0%         6d3       100%        6
 Maxwell's Capacitive Co  Air            0%         ∞         100%        8


Dungeon Overview and Level Annotations

Branches:
Dungeon (11/15)            Temple (1/1) D:5            Lair (0/5) D:10
    Orc (2/2) D:9         Ossuary (visited)          Bailey (visited)
    Elf: Orc:2

Altars:
Ashenzari
Cheibriados
Dithmenos
Elyvilon
Fedhas
Gozag
Hepliaklqana
Kikubaaqudgha
Makhleb
Nemelex Xobeh
Okawaru
Qazlal
Ru
Sif Muna
Trog
Uskayaw
Vehumet
Wu Jian
Xom
Yredelemnul
Zin
The Shining One

Shops:
D:1 [   D:3 (   D:7 *   D:10 *

Annotations:
D:5 demonologist!
D:9 1 runed translucent door, greenreed's ghost, novice GnFi
Orc:2 3 runed translucent doors, cforsyth's ghost, adept DjFE


Innate Abilities, Weirdness & Mutations

Your spellcasting is much less encumbered by armour.
You can use scrolls of enchantment on lesser artefacts.


Message History

Your ogre zombie closely misses the orc wizard.
Your bound orc warlord hits the orc warrior with a +2 long sword!!
The orc warrior dies!
Their soul becomes fuel for the torch.
Your orc warrior zombie closely misses the orc wizard.
Your orc warrior zombie hits the orc warrior.
The orc warrior dies!
Their soul becomes fuel for the torch.
You swap places.
An orc comes into view. It is wielding a +0 club.
An orc priest comes into view. It is wielding a +0 club.
The orc priest calls down the wrath of Beogh upon you.
Beogh smites you!
* * * LOW HITPOINT WARNING * * *
The orc warrior closely misses your bound orc warlord.
The orc wizard hits you but does no damage.
You are poisoned.
The orc warrior hits your bound orc warlord but does no damage.
Your bound orc warlord hits the orc warrior with a +2 long sword!
Your orc warrior zombie hits the orc wizard.
Your orc warrior zombie hits the orc warrior but does no damage.
You slice the orc wizard!!
Lightning courses through the orc wizard!
You kill the orc wizard!
Their soul becomes fuel for the torch.
You can now bind living souls.
You feel sick.
The orc warrior no longer looks unusually strong.
Your ogre zombie hits the orc warrior.
The orc hits your orc warrior zombie with a +0 hand axe!
The orc warrior hits your ogre zombie with a +0 hand axe!
The orc warrior hits your bound orc warlord but does no damage.
The orc warrior hits your ogre zombie with a +0 hand axe!
The orc warrior barely misses your orc warrior zombie.
The orc hits your orc warrior zombie with a +0 mace!
An orc comes into view. It is wielding a +0 flail.
The orc warrior closely misses your bound orc warlord.
The orc priest calls down the wrath of Beogh upon you.
Beogh smites you!
You die...
Your body rises from the dead as a mindless zombie.

... ..#..(..+.......
.....$#(....+......#
...o.#...♣.+.......
#o...#$♣...#.......
#o#oo#.(..W#.......
#oooo#######.).....
#ZoZ.........).....
.###o#)ZZ...............
oo...oZ@.........<).....
............##..........
#...........###.........
#........#.).#$.).......
.#...#.......#.......#..
..#.##.#####.....#..##..
.### #.#...#.#..#####...
#.#.ß.#Z..)# #.#
#.#...'....# ###


You could see 3 orc warriors, 2 orc priests, an orc wizard, 8 orcs, a friendly
bound orc warlord, 2 friendly orc warrior zombies and 2 friendly ogre zombies.

Vanquished Creatures
  3 two-headed ogres
  Pikel (D:8)
  A deep elf zephyrmancer (Bailey)
  An orc sorcerer (Orc:1)
  An ugly thing (D:8)
  A cyclops (D:11)
  Maurice (D:8)
  Joseph (D:7)
  A komodo dragon (D:11)
  An unseen horror (D:10)
  Jeremiah (D:8)
  Psyche (D:8)
  2 trolls
  A hornet (D:10)
  A wyvern (D:9)
  9 yaks
  A wraith (D:9)
  2 steam dragons
  A warg (Orc:1)
  A water moccasin (D:8)
  A swamp drake (D:9)
  18 orc warriors
  3 sky beasts
  An ice beast (D:5)
  8 ogres
  3 lemures (D:8)
  An elf zombie (Ossuary)
  2 bullfrogs
  2 kobold brigands (D:8)
  2 gnoll sergeants
  2 scorpions
  2 bombardier beetles
  A howler monkey (D:10)
  3 centaur zombies (Ossuary)
  10 orc priests
  5 hounds
  3 human zombies (Ossuary)
  2 jellies
  2 iguanas
  2 sleepcaps (D:4)
  12 orc wizards
  4 hound zombies (Ossuary)
  2 mummies (Ossuary)
  11 gnolls
  4 adders
  2 shadow imps
  2 ufetubi (D:6)
  6 adder zombies (Ossuary)
  4 dart slugs
  42 orcs
  5 ball pythons
  4 bats
  9 endoplasms
  3 giant cockroaches (D:1)
  5 gnoll zombies (Ossuary)
  9 goblins
  8 hobgoblins
  3 jackals (D:1)
  11 kobolds
  5 quokkas
  3 frilled lizards
  9 jackal zombies (Ossuary)
  6 kobold zombies
  An orc zombie (Ossuary)
  5 rats
280 creatures vanquished.

Vanquished Creatures (collateral kills)
  An orc warlord (Orc:1)
  A two-headed ogre (D:10)
  An orc knight (Bailey)
  An orc sorcerer (Orc:2)
  A manticore (D:11)
  2 slime creatures (D:9)
  11 yaks
  A warg (Orc:1)
  2 acid dragons
  A water moccasin (D:8)
  4 orc warriors
  3 ogres
  A gnoll sergeant (D:9)
  An orc priest (Orc:1)
  A gnoll bouda (D:6)
  An iguana (D:5)
  5 orc wizards
  3 gnolls
  13 orcs
  A goblin (D:9)
55 creatures vanquished.

Vanquished Creatures (others)
  A yak zombie (D:10)
  A troll zombie (D:10)
  A bullfrog zombie (D:6)
  2 ogre zombies
  A sky beast zombie (D:7)
  2 hound zombies (D:5)
  A bombardier beetle zombie (D:6)
  5 gnoll zombies
  6 kobold zombies (D:8)
  17 orc zombies
37 creatures vanquished.

Grand Total: 372 creatures vanquished

Notes
Turn   | Place    | Note
-------+----------+-------------------------------------------
     0 | D:1      | octoduck the Mountain Dwarf Fighter began the quest for the
                  | Orb.
     0 | D:1      | Reached XP level 1. HP: 19/19 MP: 1/1
    68 | D:1      | Reached skill level 3 in Axes
    68 | D:1      | Reached XP level 2. HP: 21/26 MP: 2/2
   565 | D:1      | Found Kaczy's Antique Armour Emporium.
   717 | D:1      | Reached XP level 3. HP: 31/31 MP: 3/3
   734 | D:1      | Reached skill level 4 in Axes
  1370 | D:2      | Reached skill level 5 in Axes
  1370 | D:2      | Reached XP level 4. HP: 39/39 MP: 4/4
  2845 | D:3      | Found a faded altar of an unknown god.
  2978 | D:3      | Found Pofrof's Weapon Emporium.
  3542 | D:4      | Reached skill level 6 in Axes
  3542 | D:4      | Reached XP level 5. HP: 28/45 MP: 5/5
  3664 | D:4      | Found an iron altar of Okawaru.
  3678 | D:4      | Noticed an ogre
  3708 | D:5      | Entered Level 5 of the Dungeon
  3764 | D:5      | Reached skill level 7 in Axes
  3771 | D:5      | Reached XP level 6. HP: 31/51 MP: 6/6
  3921 | D:5      | Reached skill level 8 in Axes
  5048 | D:4      | Reached skill level 9 in Axes
  5322 | D:4      | Reached XP level 7. HP: 55/57 MP: 7/7
  5882 | D:5      | Noticed a kobold demonologist
  5882 | D:5      | Found a blossoming altar of Fedhas.
  5951 | D:5      | Noticed a yak
  6287 | D:5      | Found a staircase to the Ecumenical Temple.
  6320 | Temple   | Entered the Ecumenical Temple
  6330 | Temple   | Became a worshipper of Yredelemnul the Fallen
  6464 | D:5      | Reached skill level 10 in Axes
  6546 | D:5      | Identified the +6 sling of Agony {drain, Str+4 Dex+2}
  6632 | D:5      | Found a radiant altar of Vehumet.
  6864 | D:5      | Killed a yak
  6865 | D:5      | Reached skill level 11 in Axes
  6865 | D:5      | Reached XP level 8. HP: 44/64 MP: 8/8
  7046 | D:5      | Noticed an ice devil
  7271 | D:6      | Reached skill level 12 in Axes
  7346 | D:6      | Found a sand-covered staircase.
  7445 | Ossuary  | Entered an ossuary
  7659 | Ossuary  | Reached skill level 13 in Axes
  8234 | D:6      | Reached XP level 9. HP: 39/70 MP: 9/9
  8290 | D:6      | Reached skill level 14 in Axes
  9094 | D:7      | Noticed Joseph
  9099 | D:7      | Found Hutul's Gadget Gallery.
  9170 | D:7      | Bought a wand of light (5) for 252 gold pieces
  9179 | D:7      | Upgraded the game from 0.32-a0-350-g4f4d228785 to
                  | 0.32-a0-361-g289a535e89
  9230 | D:7      | Found a shimmering blue altar of Sif Muna.
  9536 | D:7      | Killed Joseph
  9810 | D:8      | Noticed Maurice
  9828 | D:8      | Maurice stole the +6 sling of Agony {drain, Str+4 Dex+2}
  9834 | D:8      | Something stole an amulet of the acrobat
  9836 | D:8      | Something stole 2 throwing nets
  9840 | D:8      | Something stole 56 gold
  9842 | D:8      | Something stole 58 gold
  9858 | D:8      | Reached skill level 15 in Axes
  9866 | D:8      | Something stole a throwing net
  9879 | D:8      | Killed Maurice
  9879 | D:8      | HP: 2/66 [shot self (10)]
  9880 | D:8      | Reached skill level 5 in Fighting
  9880 | D:8      | Reached skill level 5 in Shields
  9970 | D:8      | Noticed a two-headed ogre
  9975 | D:8      | Noticed a red ugly thing
  9979 | D:8      | Killed a two-headed ogre
  9980 | D:8      | Reached XP level 10. HP: 47/83 MP: 10/10
  9989 | D:8      | Killed a red ugly thing
 10102 | D:8      | Noticed Jeremiah
 10109 | D:8      | Noticed Pikel
 10111 | D:8      | Killed Jeremiah
 10111 | D:8      | Reached * piety under Yredelemnul
 10126 | D:8      | Killed Pikel
 10127 | D:8      | Reached skill level 16 in Axes
 10156 | D:8      | Learned a level 3 spell: Fugue of the Fallen
 10236 | D:8      | Noticed Psyche
 10239 | D:8      | Killed Psyche
 10240 | D:8      | Reached skill level 1 in Necromancy
 10617 | D:9      | Found a flagged portal.
 10646 | Bailey   | Entered a bailey
 10899 | Bailey   | Found a large runed translucent door.
 10899 | Bailey   | Found a large runed translucent door.
 10904 | Bailey   | Noticed an orc knight
 11101 | Bailey   | Killed an orc knight
 11166 | Bailey   | Noticed a deep elf zephyrmancer
 11255 | Bailey   | Killed a deep elf zephyrmancer
 11359 | D:9      | Found a runed translucent door.
 11362 | D:9      | Noticed a boulder beetle
 11367 | D:9      | Reached XP level 11. HP: 56/94 MP: 11/11
 11367 | D:9      | Noticed greenreed's ghost (novice GnFi)
 11407 | D:9      | Reached skill level 5 in Necromancy
 11506 | D:9      | Reached ** piety under Yredelemnul
 11715 | D:9      | Found a staircase to the Orcish Mines.
 11730 | D:9      | Reached skill level 1 in Invocations
 11774 | D:9      | Reached skill level 1 in Evocations
 12042 | D:10     | Entered Level 10 of the Dungeon
 12101 | D:10     | Noticed a two-headed ogre
 12142 | D:10     | Found Kuicw's Assorted Antiques.
 12485 | D:10     | Killed a two-headed ogre
 12585 | D:10     | Noticed a two-headed ogre
 12615 | D:10     | Killed a two-headed ogre
 12928 | D:10     | Found a staircase to the Lair.
 13030 | D:11     | Paralysed by a hornet for 1 turns
 13607 | D:11     | Reached *** piety under Yredelemnul
 13899 | Orc:1    | Entered Level 1 of the Orcish Mines
 13899 | Orc:1    | Noticed an orc warlord
 13908 | Orc:1    | Killed an orc warlord
 13909 | Orc:1    | Reached skill level 5 in Invocations
 13909 | Orc:1    | Reached XP level 12. HP: 64/106 MP: 7/15
 13924 | Orc:1    | Noticed a two-headed ogre
 13929 | Orc:1    | Killed a two-headed ogre
 14084 | Orc:1    | Reached skill level 10 in Fighting
 14085 | Orc:1    | Reached **** piety under Yredelemnul
 14285 | Orc:2    | Entered Level 2 of the Orcish Mines
 14290 | Orc:2    | Reached skill level 5 in Evocations
 14308 | Orc:2    | Found a runed translucent gate.
 14317 | Orc:2    | Found a runed translucent gate.
 14318 | Orc:2    | Found a runed translucent gate.
 14321 | Orc:2    | Noticed cforsyth's ghost (adept DjFE)
 14384 | Orc:2    | Reached skill level 10 in Shields
 14392 | Orc:2    | Noticed an orc warlord
 14402 | Orc:2    | Killed an orc warlord
 14402 | Orc:2    | Bound an orc warlord
 14411 | Orc:2    | Killed from afar by an orc priest

Illustrated notes

Levels and vault maps discovered:
D:1:      tarquinn_simple_flora_water_d, layout_rooms, serial_shops, shop,
          minmay_tiny_reverse_x
D:2:      layout_loops_ring, hangedman_decor_riveting
D:3:      layout_loops_ring, shapermc_ecumenical_altar_ellora, serial_shops,
          nicolae_shop_window_shopping
D:4:      layout_gridville, okawaru_ov_weapons_minmay
D:5:      layout_rooms, mainiacjoe_overflow_concentric_impassable,
          mainiacjoe_overflow_boulevard, minmay_temple_entry_glass,
          minmay_manual_monolith
D:6:      layout_loops_ring, nicolae_ossuary_entry_false_entrances
D:7:      layout_gridville, amcnicky_altar_gilded, nicolae_shop_gadgets,
          uniq_joseph
D:8:      minmay_blocky_corners, layout_cave_pools, uniq_psyche, uniq_pikel,
          uniq_jeremiah, uniq_maurice
D:9:      layout_big_octagon, erik_orc_1, enter_bailey_3,
          ebering_ghost_inner_flame
D:10:     layout_loops_ring, lair_entry_dummy, minmay_shop_grid_forest
D:11:     layout_long_grid
Temple:   mainiacjoe_temple_coin_purse
Orc:1:    layout_diamond_mine, basic_altar
Orc:2:    grunt_orc_community_town_hall, layout_caves,
          grunt_orc_community_big_house_1, grunt_orc_community_big_house_1,
          grunt_orc_community_house_1, grunt_orc_community_house_1,
          grunt_orc_community_house_3, grunt_orc_community_house_1,
          grunt_orc_community_house_1, ebering_ghost_rock_garden

Skill      XL: |  1  2  3  4  5  6  7  8  9 10 11 12 |
---------------+-------------------------------------+-----
Axes           | 3 5 6 7 9 11 13 15 16 | 16.2
Fighting       | 5 8 9 10 | 10.2
Shields        | 5 7 9 10 | 10.0
Necromancy     | 4 6 |  6.5
Invocations    | 5 7 |  7.2
Evocations     | 4 5 |  5.0
Armour         | |  3.2

Action                     |  1- 3 |  4- 6 |  7- 9 | 10-12 || total
---------------------------+-------+-------+-------+-------++-------
  Melee: War axe           |   107 |   140 |   404 |   364 ||  1015
  Throw: Throwing net      |       |       |       |     3 ||     3
   Cast: Fugue of the Fall |       |       |       |     6 ||     6
 Invoke: Light the Black T |       |       |     3 |     5 ||     8
         Recall Undead Har |       |       |     1 |       ||     1
         Hurl Torchlight   |       |       |       |     2 ||     2
         Bind Soul         |       |       |       |     1 ||     1
  Evoke: Wand              |       |       |    14 |    17 ||    31
         Lightning rod     |       |       |       |     1 ||     1
    Use: Scroll            |     1 |     4 |     4 |     5 ||    14
         Potion            |       |     1 |    10 |     2 ||    13
   Stab: Distracted        |       |       |     1 |     6 ||     7
         Invisible         |       |       |     2 |     3 ||     5
 Armour: Scale mail        |    79 |    78 |   214 |       ||   371
         Fire dragon scale |       |       |    73 |    56 ||   129
         Plate armour      |       |       |       |   162 ||   162
  Dodge: Dodged            |    40 |    43 |   156 |    64 ||   303
  Block: Buckler           |    19 |    19 |    32 |       ||    70
         Kite shield       |       |       |    42 |   157 ||   199

Table legend: (Time is in decaauts)
 A = Elapsed time spent in this place.
 B = Non-inter-level travel time spent in this place.
 C = Inter-level travel time spent in this place.
 D = Time resting spent in this place.
 E = Time spent auto-exploring this place.
 F = Levels seen in this place.
 G = Mean time per level.
                   A        B        C        D        E       F      G
               +--------+--------+--------+--------+--------+-----+--------+
         Total |  14377 |  13033 |   1344 |   3502 |   4735 |  16 |  898.6 |
       Dungeon |  12738 |  11432 |   1306 |   3110 |   4344 |  11 | 1158.0 |
        Temple |     20 |      2 |     18 |      0 |      0 |   1 |   20.0 |
  Orcish Mines |    499 |    479 |     20 |      0 |    253 |   2 |  249.5 |
       Ossuary |    442 |    442 |      0 |    114 |     57 |   1 |  442.0 |
        Bailey |    676 |    676 |      0 |    277 |     81 |   1 |  676.0 |
               +--------+--------+--------+--------+--------+-----+--------+

Top non-repeatable levels by time:
     D:4: 2313 daAuts
     D:3: 1587 daAuts
     D:6: 1256 daAuts
     D:5: 1159 daAuts
     D:1: 1117 daAuts
    D:10: 1101 daAuts
     D:2: 1012 daAuts
     D:8: 861 daAuts
     D:7: 848 daAuts
     D:9: 814 daAuts
  Bailey: 676 daAuts
    D:11: 665 daAuts
 Ossuary: 442 daAuts
   Orc:1: 379 daAuts
   Orc:2: 119 daAuts
